[ AOE2 MATCH · #493644705 ]
UnrankedPoles vs Lithuanians
Player's team · WIN
[ REPLAY ANALYSIS · EXTRACTED FROM THE RECORDED GAME ]
Feudal
8:55
Castle
20:12
Imperial
43:48
| APM avg | 77.8 |
| APM peak | 153 |
| eAPM avg | 48.3 |
| Villagers / military | 158 / 197 |
Focus
⚔️ 51.2% · 🌾 48.8%
Knight ×133 · Spearman ×41 · Battering Ram ×8 · Petard ×7 · Monk ×4 · Scout Cavalry ×3
Feudal
12:48
Castle
16:25
Imperial
33:27
| APM avg | 63.4 |
| APM peak | 95 |
| eAPM avg | 36.2 |
| Villagers / military | 163 / 185 |
Focus
⚔️ 41.6% · 🌾 58.4%
Spearman ×117 · Hand Cannoneer ×26 · Leitis ×25 · Monk ×7 · Bombard Cannon ×4 · Knight ×3
Match map
Initial resources + every placement click. Lines = walls · curves = elevation contours. ◆ gold · ⬟ stone · ● berries · ✦ relic · ◌ wall gap
Your base· ✓ Closed at 20:12 · 17t walls · 5 gate(s)
mordicchiotto's base· ✓ Closed at 16:25 · 0t walls · 5 gate(s)
Smoothed initial terrain · ◌ = detected wall gap · hover for details
Inputs per minute
— Oni.TheViper - - mordicchiotto
Build order — Oni.TheViper
First 150 of 591 actions detected
| 0:00 | Create | Villager (Male) |
| 0:00 | Create | Villager (Male) |
| 0:02 | Build | House |
| 0:02 | Build | House |
| 0:07 | Create | Villager (Male) |
| 0:10 | Create | Villager (Male) |
| 1:24 | Create | Villager (Male) |
| 1:47 | Build | Lumber Camp |
| 1:57 | Create | Villager (Male) |
| 2:13 | Create | Villager (Male) |
| 2:45 | Create | Villager (Male) |
| 2:58 | Create | Villager (Male) |
| 3:28 | Create | Villager (Male) |
| 3:49 | Build | House |
| 3:56 | Create | Villager (Male) |
| 4:08 | Create | Villager (Male) |
| 4:21 | Build | Mill |
| 4:41 | Create | Villager (Male) |
| 4:50 | Create | Villager (Male) |
| 5:27 | Build | Mining Camp |
| 5:49 | Research | Loom |
| 6:12 | Create | Villager (Male) |
| 6:45 | Research | Feudal Age |
| 7:16 | Create | Villager (Male) |
| 8:07 | Create | Villager (Male) |
| 8:39 | Create | Villager (Male) |
| 8:55 | Age | Feudal Age |
| 8:56 | Build | Watch Tower |
| 8:57 | Research | Double-Bit Axe |
| 9:01 | Research | Horse Collar |
| 9:18 | Create | Villager (Male) |
| 9:20 | Build | Farm |
| 9:22 | Build | Farm |
| 9:31 | Build | Palisade Wall |
| 9:37 | Create | Villager (Male) |
| 9:45 | Create | Villager (Male) |
| 10:08 | Build | Farm |
| 10:20 | Create | Villager (Male) |
| 10:37 | Create | Villager (Male) |
| 10:46 | Build | House |
| 10:51 | Build | House |
| 10:56 | Create | Villager (Male) |
| 11:01 | Build | House |
| 11:04 | Create | Villager (Male) |
| 11:07 | Build | Farm |
| 11:28 | Build | Palisade Wall |
| 11:28 | Build | Palisade Wall |
| 11:37 | Create | Villager (Male) |
| 11:52 | Create | Villager (Male) |
| 12:04 | Build | Watch Tower |
| 12:07 | Build | House |
| 12:15 | Build | Mill |
| 12:32 | Build | Mill |
| 12:32 | Create | Villager (Male) |
| 12:47 | Create | Villager (Male) |
| 13:11 | Build | Farm |
| 13:11 | Create | Villager (Male) |
| 13:20 | Build | Farm |
| 13:23 | Build | Farm |
| 13:25 | Create | Villager (Male) |
| 13:35 | Build | Watch Tower |
| 13:35 | Create | Villager (Male) |
| 14:06 | Build | Blacksmith |
| 14:08 | Build | Palisade Wall |
| 14:22 | Build | Palisade Wall |
| 14:22 | Build | Palisade Wall |
| 14:22 | Build | Palisade Wall |
| 14:23 | Build | Palisade Wall |
| 14:23 | Build | Palisade Wall |
| 14:30 | Create | Villager (Male) |
| 15:02 | Create | Villager (Male) |
| 15:17 | Build | Lumber Camp |
| 15:32 | Create | Villager (Male) |
| 15:37 | Build | Outpost |
| 15:48 | Create | Villager (Male) |
| 15:51 | Build | Watch Tower |
| 15:52 | Research | Fletching |
| 16:13 | Research | Town Watch |
| 16:16 | Build | Gate |
| 16:19 | Build | Gate |
| 16:22 | Build | Gate |
| 16:24 | Build | Stone Wall |
| 16:27 | Create | Villager (Male) |
| 16:48 | Create | Villager (Male) |
| 17:02 | Build | Market |
| 17:16 | Build | Barracks |
| 17:32 | Research | Castle Age |
| 17:58 | Create | Spearman |
| 17:58 | Create | Spearman |
| 17:58 | Create | Spearman |
| 18:05 | Build | Watch Tower |
| 18:06 | Build | Palisade Wall |
| 18:20 | Create | Spearman |
| 18:36 | Build | Stone Wall |
| 18:41 | Build | Stone Wall |
| 18:42 | Build | Stone Wall |
| 18:45 | Build | Stone Wall |
| 18:48 | Create | Spearman |
| 19:05 | Build | Watch Tower |
| 19:06 | Build | House |
| 19:08 | Build | Palisade Wall |
| 19:18 | Research | Scale Mail Armor |
| 19:26 | Create | Villager (Male) |
| 19:29 | Build | House |
| 19:38 | Build | Palisade Wall |
| 20:12 | Age | Castle Age |
| 20:13 | Research | Bodkin Arrow |
| 20:14 | Create | Villager (Male) |
| 20:16 | Create | Villager (Male) |
| 20:18 | Build | University |
| 20:20 | Research | Pikeman (upgrade) |
| 20:20 | Research | Pikeman (upgrade) |
| 20:26 | Create | Villager (Male) |
| 20:34 | Research | Heavy Plow |
| 20:34 | Build | Farm |
| 20:34 | Build | Farm |
| 20:53 | Build | Siege Workshop |
| 20:57 | Create | Villager (Male) |
| 21:02 | Research | Guard Tower (upgrade) |
| 21:03 | Research | Guard Tower (upgrade) |
| 21:07 | Research | Squires |
| 21:08 | Create | Villager (Male) |
| 21:16 | Create | Villager (Male) |
| 21:22 | Create | Battering Ram |
| 21:26 | Create | Villager (Male) |
| 21:46 | Create | Spearman |
| 21:53 | Build | Watch Tower |
| 21:53 | Create | Spearman |
| 21:58 | Create | Villager (Male) |
| 22:03 | Build | House |
| 22:21 | Build | House |
| 22:21 | Build | Farm |
| 22:29 | Research | Wheelbarrow |
| 22:52 | Create | Villager (Male) |
| 22:57 | Create | Villager (Male) |
| 22:59 | Build | Monastery |
| 23:03 | Create | Spearman |
| 23:08 | Create | Villager (Male) |
| 23:27 | Create | Villager (Male) |
| 23:32 | Build | Town Center |
| 23:43 | Create | Villager (Male) |
| 24:05 | Create | Villager (Male) |
| 24:08 | Create | Battering Ram |
| 24:10 | Create | Villager (Male) |
| 24:15 | Research | Forging |
| 24:26 | Create | Monk |
| 24:29 | Create | Villager (Male) |
| 24:30 | Build | Stable |
| 24:36 | Build | Stable |
| 24:38 | Build | Stable |
Build order — mordicchiotto
First 150 of 530 actions detected
| 0:00 | Create | Villager (Male) |
| 0:00 | Create | Villager (Male) |
| 0:02 | Build | House |
| 0:02 | Build | House |
| 0:09 | Create | Villager (Male) |
| 0:10 | Create | Villager (Male) |
| 0:10 | Create | Villager (Male) |
| 0:12 | Create | Villager (Male) |
| 1:28 | Create | Villager (Male) |
| 1:57 | Create | Villager (Male) |
| 2:12 | Create | Villager (Male) |
| 2:13 | Create | Villager (Male) |
| 2:16 | Build | Lumber Camp |
| 2:28 | Create | Villager (Male) |
| 2:28 | Create | Villager (Male) |
| 2:48 | Create | Villager (Male) |
| 3:24 | Create | Villager (Male) |
| 3:24 | Create | Villager (Male) |
| 4:08 | Create | Villager (Male) |
| 4:08 | Create | Villager (Male) |
| 4:11 | Build | House |
| 4:31 | Create | Villager (Male) |
| 4:40 | Build | Mill |
| 5:13 | Build | House |
| 5:14 | Build | House |
| 5:34 | Build | Farm |
| 6:17 | Create | Villager (Male) |
| 6:19 | Create | Villager (Male) |
| 6:21 | Build | Farm |
| 7:01 | Create | Villager (Male) |
| 7:06 | Build | Farm |
| 7:28 | Create | Villager (Male) |
| 7:29 | Create | Villager (Male) |
| 8:18 | Create | Villager (Male) |
| 8:19 | Create | Villager (Male) |
| 8:40 | Research | Loom |
| 8:40 | Research | Loom |
| 9:03 | Create | Villager (Male) |
| 9:40 | Create | Villager (Male) |
| 9:58 | Create | Villager (Male) |
| 10:10 | Build | Palisade Gate |
| 10:12 | Build | Palisade Gate |
| 10:32 | Create | Villager (Male) |
| 10:38 | Research | Feudal Age |
| 11:00 | Build | House |
| 11:25 | Build | Barracks |
| 11:46 | Create | Villager (Male) |
| 11:46 | Create | Villager (Male) |
| 11:49 | Build | Mining Camp |
| 12:48 | Age | Feudal Age |
| 12:51 | Build | Market |
| 12:52 | Build | Stable |
| 13:04 | Build | Watch Tower |
| 13:11 | Research | Double-Bit Axe |
| 13:45 | Research | Castle Age |
| 14:07 | Build | Mining Camp |
| 14:25 | Build | Farm |
| 14:27 | Research | Horse Collar |
| 14:45 | Create | Villager (Male) |
| 15:13 | Create | Scout Cavalry |
| 15:20 | Build | Farm |
| 16:11 | Create | Villager (Male) |
| 16:25 | Age | Castle Age |
| 16:27 | Create | Villager (Male) |
| 16:30 | Build | Monastery |
| 16:36 | Build | Town Center |
| 16:42 | Build | Town Center |
| 16:45 | Create | Villager (Male) |
| 16:45 | Create | Knight |
| 16:46 | Create | Knight |
| 16:52 | Build | House |
| 16:55 | Build | House |
| 17:24 | Create | Knight |
| 17:25 | Create | Villager (Male) |
| 17:44 | Build | Farm |
| 17:44 | Build | Farm |
| 17:52 | Create | Villager (Male) |
| 18:31 | Create | Villager (Male) |
| 18:31 | Create | Villager (Male) |
| 18:31 | Create | Villager (Male) |
| 18:32 | Create | Villager (Male) |
| 18:50 | Create | Villager (Male) |
| 18:50 | Create | Villager (Male) |
| 18:54 | Build | Monastery |
| 19:04 | Create | Villager (Male) |
| 19:10 | Create | Villager (Male) |
| 19:22 | Create | Villager (Male) |
| 19:37 | Build | Castle |
| 19:41 | Create | Monk |
| 20:17 | Create | Villager (Male) |
| 20:20 | Build | House |
| 20:52 | Create | Villager (Male) |
| 20:53 | Create | Villager (Male) |
| 20:53 | Create | Villager (Male) |
| 20:53 | Create | Villager (Male) |
| 20:54 | Build | House |
| 20:55 | Build | House |
| 21:02 | Build | Farm |
| 21:05 | Build | Farm |
| 21:06 | Create | Villager (Male) |
| 21:06 | Create | Villager (Male) |
| 21:13 | Create | Villager (Male) |
| 21:13 | Create | Villager (Male) |
| 21:17 | Create | Monk |
| 21:24 | Create | Villager (Male) |
| 21:24 | Create | Villager (Male) |
| 21:28 | Build | Farm |
| 21:29 | Build | Farm |
| 21:29 | Build | Farm |
| 21:41 | Create | Monk |
| 22:00 | Build | House |
| 22:01 | Create | Leitis |
| 22:23 | Create | Villager (Male) |
| 22:24 | Create | Villager (Male) |
| 22:27 | Create | Monk |
| 22:35 | Build | House |
| 22:38 | Create | Villager (Male) |
| 22:38 | Create | Villager (Male) |
| 22:38 | Create | Villager (Male) |
| 22:38 | Create | Villager (Male) |
| 22:55 | Build | Mill |
| 22:55 | Build | Farm |
| 22:55 | Build | Farm |
| 22:56 | Build | Farm |
| 22:56 | Build | Farm |
| 23:10 | Build | House |
| 23:25 | Create | Villager (Male) |
| 23:25 | Create | Villager (Male) |
| 23:25 | Create | Villager (Male) |
| 24:12 | Create | Villager (Male) |
| 24:12 | Create | Villager (Male) |
| 24:17 | Create | Villager (Male) |
| 24:17 | Create | Villager (Male) |
| 24:17 | Create | Villager (Male) |
| 24:18 | Create | Leitis |
| 24:18 | Create | Leitis |
| 24:25 | Create | Villager (Male) |
| 24:30 | Create | Leitis |
| 24:30 | Create | Leitis |
| 24:30 | Create | Leitis |
| 24:32 | Create | Villager (Male) |
| 24:32 | Create | Villager (Male) |
| 24:32 | Create | Villager (Male) |
| 24:34 | Build | House |
| 24:37 | Build | Barracks |
| 24:38 | Build | House |
| 24:43 | Create | Villager (Male) |
| 24:43 | Create | Villager (Male) |
| 24:43 | Create | Villager (Male) |
| 24:45 | Build | Farm |
Match timeline
| 8:55 | Oni.TheViper · age_up feudal |
| 9:31 | Oni.TheViper · wall_segment Palisade Wall x1 |
| 11:25 | mordicchiotto · first_building Barracks |
| 11:28 | Oni.TheViper · wall_segment Palisade Wall x1 |
| 11:28 | Oni.TheViper · wall_segment Palisade Wall x1 |
| 12:48 | mordicchiotto · age_up feudal |
| 12:52 | mordicchiotto · first_building Stable |
| 13:40 | mordicchiotto · first_market_sell 100 wood |
| 14:08 | Oni.TheViper · wall_segment Palisade Wall x1 |
| 14:22 | Oni.TheViper · wall_segment Palisade Wall x1 |
| 14:22 | Oni.TheViper · wall_segment Palisade Wall x1 |
| 14:22 | Oni.TheViper · wall_segment Palisade Wall x1 |
| 14:23 | Oni.TheViper · wall_segment Palisade Wall x1 |
| 14:23 | Oni.TheViper · wall_segment Palisade Wall x1 |
| 16:24 | Oni.TheViper · wall_segment Stone Wall x1 |
| 16:25 | mordicchiotto · age_up castle |
| 16:30 | mordicchiotto · first_building Monastery |
| 17:16 | Oni.TheViper · first_building Barracks |
| 17:48 | mordicchiotto · first_market_buy 100 food |
| 18:06 | Oni.TheViper · wall_segment Palisade Wall x1 |
| 18:36 | Oni.TheViper · wall_segment Stone Wall x1 |
| 18:41 | Oni.TheViper · wall_segment Stone Wall x1 |
| 18:42 | Oni.TheViper · wall_segment Stone Wall x1 |
| 18:45 | Oni.TheViper · wall_segment Stone Wall x1 |
| 19:08 | Oni.TheViper · wall_segment Palisade Wall x1 |
| 19:37 | mordicchiotto · first_building Castle |
| 19:38 | Oni.TheViper · wall_segment Palisade Wall x1 |
| 20:12 | Oni.TheViper · age_up castle |
| 20:53 | Oni.TheViper · first_building Siege Workshop |
| 20:58 | Oni.TheViper · first_market_sell 100 stone |
| 20:59 | Oni.TheViper · first_market_buy 100 wood |
| 22:59 | Oni.TheViper · first_building Monastery |
| 24:30 | Oni.TheViper · first_building Stable |
| 26:23 | Oni.TheViper · wall_segment Stone Wall x1 |
| 29:50 | Oni.TheViper · first_building Castle |
| 33:27 | mordicchiotto · age_up imperial |
| 33:38 | mordicchiotto · first_building Archery Range |
| 34:35 | mordicchiotto · first_building Siege Workshop |
| 40:05 | mordicchiotto · wall_segment Stone Wall x3 |
| 40:09 | mordicchiotto · wall_segment Stone Wall x1 |
| 41:23 | mordicchiotto · wall_segment Stone Wall x2 |
| 42:43 | mordicchiotto · wall_segment Stone Wall x11 |
| 42:47 | mordicchiotto · wall_segment Stone Wall x3 |
| 42:48 | mordicchiotto · wall_segment Stone Wall x1 |
| 43:48 | Oni.TheViper · age_up imperial |
| 44:34 | mordicchiotto · wall_segment Stone Wall x6 |
| 48:13 | mordicchiotto · resign |
[ AI ANALYSIS · 1 CREDIT ]
What really happened in this match?
Wolo.gg analyzes every decision: build order, eco, micro, common mistakes by bracket. Personalized analysis on WhatsApp or Discord in 30 seconds.
Civ guide
Poles
Perfil
TheViper